 Dungeon Crawl Stone Soup version 0.28.0-47-ge53b351184 (webtiles) character file.

Game seed: 3942288846092124031

429 NinjaNoafa the Thrower (level 6, 0/45 HPs)
             Began as a Gnoll Wanderer on Apr 25, 2022.
             Was a Follower of Hepliaklqana.
             Slain by a bullfrog zombie (2 damage)
             ... in an ossuary.
             The game lasted 00:07:39 (4218 turns).

NinjaNoafa the Thrower (Gnoll Wanderer)             Turns: 4218, Time: 00:07:40

Health: 0/45       AC:  6    Str: 13    XL:     6   Next: 98%
Magic:  11/11      EV: 11    Int:  9    God:    Hepliaklqana [*.....]
Gold:   90         SH:  5    Dex: 14    Spells: 12/12 levels left

rFire   . . .      SeeInvis .   g - +1 hand axe (freeze)
rCold   . . .      Faith    .   c - +0 buckler
rNeg    . . .      Spirit   .   d - +0 leather armour
rPois   .          Reflect  .   p - +0 helmet
rElec   .          Harm     .   (no cloak)
rCorr   .          Rampage  .   k - +0 pair of gloves
Will    .....                   f - +0 pair of boots
Stlth   ++........              (no amulet)
HPRegen 0.15/turn               (no ring)
MPRegen 0.12/turn               (no ring)

@: no status effects
A: reduced essence, fangs 1, strong nose, distributed training
a: Renounce Religion, Recall Ancestor, Ancestor Identity


You were in an ossuary.
You worshipped Hepliaklqana.
Hepliaklqana was aware of your devotion.
You visited 1 branch of the dungeon, and saw 4 of its levels.
You also visited: Ossuary.

You collected 90 gold pieces.

Inventory:

Hand Weapons
 a - a +2 dagger
 g - a +1 hand axe of freezing (weapon)
Missiles
 e - 5 poisoned darts (quivered)
Armour
 c - a +0 buckler (worn)
 d - a +0 leather armour (worn)
 f - a +0 pair of boots (worn)
 k - a +0 pair of gloves (worn)
 p - a +0 helmet (worn)
Scrolls
 i - 2 scrolls of fog
 l - a scroll of identify
 n - a scroll of teleportation
 q - a scroll of vulnerability
Potions
 h - 2 potions of lignification


   Skills:
 + Level 5.1 Fighting
 + Level 2.2 Short Blades
 + Level 2.2 Long Blades
 + Level 2.2 Axes
 + Level 2.2 Maces & Flails
 + Level 2.2 Polearms
 + Level 2.2 Staves
 + Level 2.2 Slings
 + Level 2.2 Bows
 + Level 2.2 Crossbows
 + Level 8.8 Throwing
 + Level 2.2 Armour
 + Level 2.2 Dodging
 + Level 2.2 Stealth
 + Level 3.4 Shields
 + Level 2.2 Unarmed Combat
 + Level 3.6 Spellcasting
 + Level 1.7 Conjurations
 + Level 1.7 Hexes
 + Level 1.7 Summonings
 + Level 4.2 Necromancy
 + Level 1.7 Translocations
 + Level 1.7 Transmutations
 + Level 1.7 Fire Magic
 + Level 1.7 Ice Magic
 + Level 1.7 Air Magic
 + Level 1.7 Earth Magic
 + Level 1.7 Poison Magic
 + Level 2.4 Invocations
 + Level 2.2 Evocations


You had 12 spell levels left.
You didn't know any spells.
Your spell library contained the following spells:

 Spells                   Type           Power      Damage    Failure   Level
 Sublimation of Blood     Necr           9%         N/A       13%         2
 Corpse Rot               Necr/Air       14%        N/A       22%         2


Dungeon Overview and Level Annotations

Branches:
Dungeon (4/15)            Ossuary (1/1)
 Temple: D:4-7

Altars:
Hepliaklqana

Shops:
D:3 [


Innate Abilities, Weirdness & Mutations

Your life essence is reduced to manifest your ancestor. (-10% HP)
You have very sharp teeth.
Your uncanny sense of smell can sniff out nearby items.
Your experience applies equally to all skills.


Message History

The bullfrog zombie hits you.
* * * LOW HITPOINT WARNING * * *
You barely miss the bullfrog zombie.
The bullfrog zombie is lightly damaged.
The bullfrog zombie hits you.
* * * LOW HITPOINT WARNING * * *
You block the bullfrog zombie's attack.
You swap places.
The bullfrog zombie hits Goku.
Goku hits the bullfrog zombie.
The bullfrog zombie hits Goku!
Goku hits the bullfrog zombie.
The bullfrog zombie closely misses Goku.
Goku hits the bullfrog zombie.
The bullfrog zombie hits Goku.
Goku barely misses the bullfrog zombie.
The bullfrog zombie barely misses Goku.
The bullfrog zombie misses Goku.
Goku closely misses the bullfrog zombie.
Goku hits the mummy.
The bullfrog zombie closely misses Goku.
Goku hits the bullfrog zombie.
The bullfrog zombie closely misses Goku.
Goku hits the bullfrog zombie.
The mummy barely misses Goku.
Goku barely misses the mummy.
Goku hits the bullfrog zombie.
The bullfrog zombie hits Goku.
The mummy barely misses Goku.
The bullfrog zombie hits Goku.
Goku hits the bullfrog zombie.
The mummy hits Goku.
The bullfrog zombie barely misses Goku.
Goku hits the bullfrog zombie.
The bog mummy hits Goku!!
Goku is destroyed!
You block the bullfrog zombie's attack. The bullfrog zombie barely misses you.
A water moccasin zombie comes into view.
The bullfrog zombie hits you.
* * * LOW HITPOINT WARNING * * *
Throw: 6 darts (poison)
Press: ? - help, Q - select action, (/) - cycle Shift-Dir - straight line, f - bullfrog zombie
Aim: a bullfrog zombie (almost destroyed, 75% to hit)
You throw a poisoned dart.
The poisoned dart hits the bullfrog zombie.
The bullfrog zombie is almost destroyed.
The bullfrog zombie hits you.
You die...

#.#∩..#.'.#
###.#####M###
#.'.'.#.'.'.#
###M#####M###
∆∆∆#.#∆∆∆#.'.#
∆∆∆#.#∆∆∆+M###
∆∆∆#.#∆∆∆#.'.#
#.#####.#####.###
'.Z....@Z...M.+
#'#+#+#+#'#'#+#
#.#.# #####


You could see a mummy, a bog mummy, a water moccasin zombie and a bullfrog
zombie.

Vanquished Creatures
  A sky beast (D:3)
  An ogre (D:4)
  A centaur zombie (Ossuary)
  A bullfrog zombie (Ossuary)
  A hound (D:4)
  A hound skeleton (D:4)
  3 mummies (Ossuary)
  2 adders
  2 worms (D:2)
  6 orcs (D:3)
  8 endoplasms
  5 giant cockroaches
  4 goblins
  3 hobgoblins (D:2)
  5 kobolds
  3 quokkas
  2 ball pythons
  6 bats
  5 frilled lizards (D:2)
  6 rats
66 creatures vanquished.

Vanquished Creatures (collateral kills)
  A mummy (Ossuary)
1 creature vanquished.

Vanquished Creatures (others)
  3 ancestors
  A plant (D:2)
  6 withered plants (Ossuary)
10 creatures vanquished.

Grand Total: 77 creatures vanquished

Notes
Turn   | Place    | Note
-------+----------+-------------------------------------------
     0 | D:1      | NinjaNoafa the Gnoll Wanderer began the quest for the Orb.
     0 | D:1      | NinjaNoafa set off with the following items: a +2 dagger, a
                  | curare-tipped dart, a +0 buckler, a +0 leather armour; and
                  | the following spells available to memorise: Sublimation of
                  | Blood, Corpse Rot
     0 | D:1      | Reached XP level 1. HP: 20/20 MP: 4/4
   951 | D:1      | Reached XP level 2. HP: 26/26 MP: 5/5
  1364 | D:2      | Found a faded altar of an unknown god.
  1441 | D:2      | Reached XP level 3. HP: 9/31 MP: 7/7
  1706 | D:2      | Reached skill level 1 in Invocations
  2275 | D:2      | Found a hazy altar of Hepliaklqana.
  2458 | D:2      | Reached skill level 1 in Short Blades
  2458 | D:2      | Reached skill level 1 in Long Blades
  2458 | D:2      | Reached skill level 1 in Axes
  2458 | D:2      | Reached skill level 1 in Maces & Flails
  2458 | D:2      | Reached skill level 1 in Polearms
  2458 | D:2      | Reached skill level 1 in Staves
  2458 | D:2      | Reached skill level 1 in Slings
  2458 | D:2      | Reached skill level 1 in Bows
  2458 | D:2      | Reached skill level 1 in Crossbows
  2458 | D:2      | Reached skill level 1 in Armour
  2458 | D:2      | Reached skill level 1 in Dodging
  2458 | D:2      | Reached skill level 1 in Stealth
  2458 | D:2      | Reached skill level 1 in Unarmed Combat
  2458 | D:2      | Reached skill level 1 in Evocations
  2533 | D:2      | Became a worshipper of Hepliaklqana the Forgotten
  2654 | D:3      | Reached XP level 4. HP: 35/38 MP: 8/8
  2745 | D:3      | Noticed a sky beast
  2791 | D:3      | Killed a sky beast
  2792 | D:3      | Reached skill level 1 in Conjurations
  2792 | D:3      | Reached skill level 1 in Hexes
  2792 | D:3      | Reached skill level 1 in Summonings
  2792 | D:3      | Reached skill level 1 in Translocations
  2792 | D:3      | Reached skill level 1 in Transmutations
  2792 | D:3      | Reached skill level 1 in Fire Magic
  2792 | D:3      | Reached skill level 1 in Ice Magic
  2792 | D:3      | Reached skill level 1 in Air Magic
  2792 | D:3      | Reached skill level 1 in Earth Magic
  2792 | D:3      | Reached skill level 1 in Poison Magic
  2792 | D:3      | Reached XP level 5. HP: 37/43 MP: 9/9
  3108 | D:3      | Reached * piety under Hepliaklqana
  3133 | D:3      | Found Zoeg Vue's Antique Armour Emporium.
  3810 | D:4      | Noticed an ogre
  3821 | D:4      | Reached XP level 6. HP: 44/45 MP: 10/10
  3832 | D:4      | Reached skill level 5 in Fighting
  4119 | D:4      | Found a sand-covered staircase.
  4129 | Ossuary  | Entered an ossuary
  4196 | Ossuary  | HP: 1/45 [bullfrog zombie (5)]
  4217 | Ossuary  | HP: 2/45 [bullfrog zombie (2)]
  4218 | Ossuary  | Slain by a bullfrog zombie

Illustrated notes

Levels and vault maps discovered:
D:1:      minmay_arrival_four_houses, layout_basic, minmay_hedge_maze
D:2:      minmay_spotlight, layout_basic, dreamdust_ecumenical_altar_grove,
          basic_altar, minmay_lizard_pond
D:3:      layout_basic, serial_shops, nicolae_shop_overgrown_old_shop,
          nrook_mini_vaults
D:4:      layout_loops_ring, enter_ossuary_1, uniq_ijyb, uniq_sigmund,
          uniq_menkaure, uniq_duvessa
Ossuary:  ossuary_zaba_flooded

Skill      XL: |  1  2  3  4  5  6 |
---------------+-------------------+-----
Invocations    | 1 2 |  2.4
Short Blades   | 1 2 |  2.2
Long Blades    | 1 2 |  2.2
Axes           | 1 2 |  2.2
Maces & Flails | 1 2 |  2.2
Polearms       | 1 2 |  2.2
Staves         | 1 2 |  2.2
Slings         | 1 2 |  2.2
Bows           | 1 2 |  2.2
Crossbows      | 1 2 |  2.2
Armour         | 1 2 |  2.2
Dodging        | 1 2 |  2.2
Stealth        | 1 2 |  2.2
Unarmed Combat | 1 2 |  2.2
Evocations     | 1 2 |  2.2
Spellcasting   | 3 |  3.6
Conjurations   | 1 |  1.7
Hexes          | 1 |  1.7
Summonings     | 1 |  1.7
Translocations | 1 |  1.7
Transmutations | 1 |  1.7
Fire Magic     | 1 |  1.7
Ice Magic      | 1 |  1.7
Air Magic      | 1 |  1.7
Earth Magic    | 1 |  1.7
Poison Magic   | 1 |  1.7
Shields        | 3 |  3.4
Necromancy     | 4 |  4.2
Fighting       | 5 |  5.1
Throwing       | |  8.8

Action                   |  1- 3 |  4- 6 || total
-------------------------+-------+-------++-------
Melee: Dagger            |   113 |    48 ||   161
       Bite              |    12 |     7 ||    19
       Hand axe          |       |    84 ||    84
Throw: Dart              |     4 |     2 ||     6
       Javelin           |       |    14 ||    14
Invok: Ancestor Identity |       |     1 ||     1
  Use: Scroll            |       |     7 ||     7
       Potion            |       |     4 ||     4
 Stab: Sleeping          |     2 |     2 ||     4
Armor: Leather armour    |    17 |    33 ||    50
       Skin              |       |    29 ||    29
Dodge: Dodged            |    42 |    59 ||   101
Block: Buckler           |    13 |    34 ||    47
